[Event "Titled Tuesday Blitz February 21 Early 2023"]
[White "Devaev, Alexander"]
[Black "Tologon tegin, Semetei"]
[WhiteFideId "4169395"]
[BlackFideId "13800574"]
[WhiteElo "2325"]
[BlackElo "2372"]
[Result "0-1"]
[Round "08"]
[TimeControl "180+2"]
[Date "2023.02.21"]
[WhiteClock "0:00:07"]
[BlackClock "0:00:50"]

1. d4 d5 2. c4 e6 3. Nc3 Nf6 4. Nf3 Nbd7 5. Bg5 c6 6. e3 Qa5 7. Bxf6 Nxf6 8. Qc2 Ne4 9. Nd2 Nxc3 10. bxc3 Be7 11. Bd3 dxc4 12. Nxc4 Qh5 13. O-O O-O 14. f4 c5 15. Rf3 h6 16. Rh3 Qd5 17. Ne5 cxd4 18. cxd4 Bd7 19. Be4 Qd6 20. Bxb7 Rab8 21. Be4 Rfc8 22. Qf2 Bb5 23. Qg3 Qa3 24. Qe1 Rc3 25. Rg3 Rbc8 26. Rd1 Rc1 27. Bf3 Ba4 28. Nd3 Bxd1 29. Nxc1 Bxf3 30. Nb3 Bd5 31. f5 Bxb3 32. f6 Rc1 0-1


[Site "https://www.chess.com"]

[Event "Titled Tuesday Blitz February 21 Early 2023"]
[White "Valle Maytin, Luis Enrique"]
[Black "Yurovskykh, Oleksandr"]
[WhiteFideId "3503666"]
[BlackFideId "14134020"]
[WhiteElo "2241"]
[BlackElo "2328"]
[Result "0-1"]
[Round "08"]
[TimeControl "180+2"]
[Date "2023.02.21"]
[WhiteClock "0:00:03"]
[BlackClock "0:00:40"]

1. e4 d5 2. exd5 Qxd5 3. Nc3 Qd8 4. Bc4 c5 5. d3 Nc6 6. Nge2 Nf6 7. Be3 e6 8. h3 Be7 9. O-O O-O 10. Ng3 a6 11. a4 b6 12. Nge4 Bb7 13. Rb1 Nd4 14. Nxf6+ Bxf6 15. Ne4 Be7 16. c3 Nf5 17. Qe2 Nxe3 18. fxe3 Qd7 19. Ng3 Qxa4 20. e4 Qd7 21. Bb3 Rad8 22. Bc2 f6 23. Rbd1 Bd6 24. Nh5 Qe7 25. Bb3 g6 26. Qg4 Kh8 27. Nf4 Bxf4 28. Rxf4 e5 29. Rff1 Rd6 30. Qg3 Rfd8 31. Bc2 Kg7 32. Kh2 Bc8 33. Rf3 Be6 34. Rdf1 Bg8 35. R3f2 a5 36. h4 h6 37. Rf3 h5 38. R3f2 Rf8 39. Rf3 Be6 40. R3f2 Bg4 41. Qe3 Qd7 42. Rd2 Rd8 43. Rdf2 Qe6 44. Rxf6 Qxf6 45. Rxf6 Rxf6 46. Kg3 Rf4 47. Bb3 Bc8 48. Bd5 Rdf8 49. d4 Rg4+ 50. Kh2 Rf1 51. dxc5 Rxh4+ 52. Kg3 Rhh1 53. cxb6 h4# 0-1


[Site "https://www.chess.com"]

[Event "Titled Tuesday Blitz February 21 Early 2023"]
[White "Malyi, Viacheslav"]
[Black "Bas Mas, Jose Joaquin"]
[WhiteFideId "14123983"]
[BlackFideId "22219064"]
[WhiteElo "2391"]
[BlackElo "2197"]
[Result "1/2-1/2"]
[Round "08"]
[TimeControl "180+2"]
[Date "2023.02.21"]
[WhiteClock "0:00:39"]
[BlackClock "0:00:08"]

1. e4 e6 2. d4 d5 3. Nc3 Nf6 4. Bg5 dxe4 5. Nxe4 Be7 6. Bxf6 gxf6 7. Nf3 f5 8. Nc3 a6 9. d5 Bf6 10. dxe6 fxe6 11. Qxd8+ Kxd8 12. O-O-O+ Ke7 13. Bc4 b5 14. Be2 Rg8 15. g3 Bb7 16. Rhe1 Nd7 17. Nd4 Bxd4 18. Rxd4 c5 19. Rdd1 Rad8 20. Bf1 Rg6 21. Ne2 e5 22. Nf4 Rd6 23. Nd3 Kf6 24. b3 Bf3 25. Be2 Bxe2 26. Rxe2 e4 27. Nf4 Rxd1+ 28. Kxd1 Ne5+ 29. Kc1 c4 30. Kb2 a5 31. a3 Nf3 32. h4 cxb3 33. cxb3 Rd1 34. h5 Kg5 35. Rc2 Nd4 36. Rc7 Rd2+ 37. Kc1 Nxb3+ 38. Kb1 Rxf2 39. Rxh7 e3 40. Rg7+ Kh6 41. Rg6+ Kh7 42. Re6 Nd2+ 43. Kc1 Ne4 44. Re7+ Kg8 45. h6 Rf1+ 46. Kb2 Rh1 47. Rg7+ Kf8 48. Ng6+ Ke8 49. h7 e2 50. Nh4 Rb1+ 51. Kc2 Rc1+ 52. Kb2 Rb1+ 53. Kc2 Rc1+ 54. Kb2 Rb1+ 1/2-1/2


[Site "https://www.chess.com"]

[Event "Titled Tuesday Blitz February 21 Early 2023"]
[White "Shubenkova, Veronika"]
[Black "gshwbedhkhd"]
[WhiteFideId "44124040"]
[WhiteElo "1960"]
[BlackElo "2556"]
[Result "0-1"]
[Round "08"]
[TimeControl "180+2"]
[Date "2023.02.21"]
[WhiteClock "0:01:26"]
[BlackClock "0:00:08"]

1. e4 c5 2. Nc3 e6 3. g3 Nc6 4. Bg2 g6 5. d3 Bg7 6. f4 d6 7. Nf3 Nge7 8. Be3 O-O 9. O-O Rb8 10. Rb1 b5 11. Ne2 b4 12. g4 f5 13. exf5 gxf5 14. g5 Ba6 15. Nd2 e5 16. fxe5 dxe5 17. Bxc5 Rf7 18. Nb3 Bb7 19. Ng3 Qc7 20. Qh5 a5 21. Rbe1 a4 22. Nd2 Rbf8 23. Nc4 Nd4 24. Bd6 Qc8 25. Bxe7 Bxg2 26. Bxf8 Qxf8 27. Kxg2 Nxc2 28. Re2 Nd4 29. Ref2 e4 30. dxe4 f4 31. Nf5 Nxf5 32. exf5 Rxf5 33. Qg4 Qf7 34. Nd6 Qd5+ 35. Kg1 Rxg5 36. Qxg5 Qxg5+ 37. Rg2 Qc5+ 38. Kh1 Qxd6 39. Rfg1 Qd5 40. h4 Kh8 41. Kh2 Be5 42. Rg5 f3+ 43. Kh3 f2 44. Rc1 Qf3+ 0-1


[Site "https://www.chess.com"]

[Event "Titled Tuesday Blitz February 21 Early 2023"]
[White "Miszler, Levente"]
[Black "Hirneise, Jens"]
[WhiteFideId "763276"]
[BlackFideId "24614734"]
[WhiteElo "2271"]
[BlackElo "2277"]
[Result "1-0"]
[Round "08"]
[TimeControl "180+2"]
[Date "2023.02.21"]
[WhiteClock "0:00:10"]
[BlackClock "0:00:11"]

1. Nf3 d5 2. c4 e6 3. g3 dxc4 4. Bg2 Nd7 5. O-O a6 6. a4 Ngf6 7. Qc2 Be7 8. Qxc4 b5 9. Qc6 Rb8 10. axb5 axb5 11. Nd4 Bb7 12. Qxb7 Rxb7 13. Bxb7 O-O 14. Nc6 Qe8 15. Ra8 Nb8 16. Rxb8 Qd7 17. Nxe7+ Qxe7 18. Rxf8+ Qxf8 19. d3 Qb4 20. Nc3 Qa5 21. Bd2 b4 22. Ne4 Nd7 23. Bc6 Ne5 24. Rc1 h6 25. Bf4 Ng6 26. Bd2 f5 27. Nc5 Kf7 28. Bd7 Nf8 29. d4 Ke7 30. Bc6 g5 31. Nd3 Qa2 32. Bxb4+ Kf7 33. Bxf8 Kxf8 34. Bd7 Ke7 35. Bc6 Kd6 36. Bf3 g4 37. Bg2 h5 38. h3 gxh3 39. Bxh3 Qb3 40. Bg2 Qa4 41. Rc6+ Ke7 42. Nc5 Qxd4 43. Rxe6+ Kf7 44. Rc6 Qd1+ 45. Bf1 Qd2 46. Rxc7+ Kf6 47. Nd3 Qg5 48. Rc6+ Ke7 49. Nf4 h4 50. Kg2 hxg3 51. fxg3 Kd7 52. Rc3 Qg7 53. Rd3+ Kc7 54. b4 Qe5 55. Kf2 Qe4 56. Bg2 Qxb4 57. Nd5+ Kc6 58. Nxb4+ Kc5 59. Rf3 1-0


[Site "https://www.chess.com"]

[Event "Titled Tuesday Blitz February 21 Early 2023"]
[White "Fiorito, Francisco"]
[Black "Sreyas Payyappat"]
[WhiteFideId "180165"]
[BlackFideId "46674969"]
[WhiteElo "2305"]
[BlackElo "2076"]
[Result "0-1"]
[Round "08"]
[TimeControl "180+2"]
[Date "2023.02.21"]
[WhiteClock "0:00:57"]
[BlackClock "0:00:08"]

1. d4 Nf6 2. Nc3 d5 3. Bf4 c5 4. e3 e6 5. Nb5 Na6 6. c3 Bd7 7. Nf3 c4 8. a4 Qb6 9. Nd2 Be7 10. Be2 O-O 11. O-O Rac8 12. Re1 Ne4 13. Nxe4 dxe4 14. Qc2 f5 15. Na3 g5 16. Be5 Bxa3 17. Rxa3 Qc6 18. b4 Nc7 19. b5 Qd5 20. Qb1 Ne8 21. Ra2 Nd6 22. h3 Nf7 23. Bf6 h6 24. Bh5 Nd6 25. Be7 Rfe8 26. Bxe8 Rxe8 27. Bf6 Rf8 28. Be5 Nf7 29. Bh2 Nh8 30. Qb4 Ng6 31. Qd6 f4 32. exf4 Qxd6 33. f5 Nf4 34. fxe6 Qxe6 35. Re3 Kh8 36. Ra1 g4 37. Rae1 gxh3 38. Rxe4 Qg4 39. g3 Qf3 0-1


[Site "https://www.chess.com"]

[Event "Titled Tuesday Blitz February 21 Early 2023"]
[White "Fisher_TheGalactic"]
[Black "Fernandez Garcia, Gumersindo"]
[BlackFideId "24516740"]
[WhiteElo "2535"]
[BlackElo "2160"]
[Result "1-0"]
[Round "08"]
[TimeControl "180+2"]
[Date "2023.02.21"]
[WhiteClock "0:00:56"]
[BlackClock "0:00:18"]

1. Nf3 b6 2. e4 Bb7 3. Nc3 g6 4. d4 Bg7 5. Bd3 d6 6. O-O e6 7. Bf4 Nd7 8. Qd2 h6 9. Rfe1 Ngf6 10. Rad1 Qe7 11. a4 a6 12. e5 Nh5 13. exd6 cxd6 14. Rxe6 Qxe6 15. Re1 Nxf4 16. Qxf4 O-O 17. Rxe6 fxe6 18. Qxd6 Bxf3 19. gxf3 Rad8 20. Bxg6 Kh8 21. Ne4 e5 22. d5 Nf6 23. Qxb6 Nxd5 24. Qxa6 Nf4 25. h4 Ra8 26. Qd6 Rfd8 27. Qc6 Rac8 28. Qb6 Rb8 29. Qc6 Rbc8 30. Qa6 Rxc2 31. Nd6 Rf8 32. Bxc2 Ne2+ 33. Qxe2 1-0


[Site "https://www.chess.com"]

[Event "Titled Tuesday Blitz February 21 Early 2023"]
[White "Padmini, Rout"]
[Black "Iljin, Timofey"]
[WhiteFideId "5029295"]
[BlackFideId "14110180"]
[WhiteElo "2375"]
[BlackElo "2329"]
[Result "0-1"]
[Round "08"]
[TimeControl "180+2"]
[Date "2023.02.21"]
[WhiteClock "0:00:14"]
[BlackClock "0:00:29"]

1. e4 e5 2. Nf3 Nc6 3. Bc4 Nf6 4. d3 Bc5 5. O-O d6 6. c3 Bb6 7. Nbd2 h6 8. b4 a6 9. a4 Bg4 10. a5 Ba7 11. Qb3 Qe7 12. Bb2 O-O 13. Rae1 Nh5 14. d4 Nf4 15. Re3 Rad8 16. Rfe1 Qf6 17. Bd5 exd4 18. cxd4 Nxd4 19. Nxd4 Bxd4 20. Bxd4 Qxd4 21. Nf3 Bxf3 22. Rxf3 Nxd5 23. exd5 Rfe8 24. Rfe3 Rxe3 25. fxe3 Qe5 26. Rc1 Rd7 27. Qd3 Re7 28. Kf2 g6 29. g3 Kg7 30. Rc4 Qf6+ 31. Kg2 Qe5 32. Kf2 h5 33. h4 Qb2+ 34. Kf3 Re5 35. Rf4 Qa2 36. Re4 Rxd5 37. Qc3+ Kh7 38. Re8 Rf5+ 39. Ke4 Qd5# 0-1


[Site "https://www.chess.com"]

[Event "Titled Tuesday Blitz February 21 Early 2023"]
[White "Kaganskiy, Gleb"]
[Black "Novikov, Evgenij"]
[WhiteFideId "4132025"]
[BlackFideId "4125380"]
[WhiteElo "2205"]
[BlackElo "2276"]
[Result "1/2-1/2"]
[Round "08"]
[TimeControl "180+2"]
[Date "2023.02.21"]
[WhiteClock "0:00:29"]
[BlackClock "0:00:16"]

1. e4 c6 2. c4 d6 3. d4 g6 4. Nc3 Bg7 5. Nf3 Bg4 6. Be2 Nd7 7. Be3 Qc7 8. h3 Bxf3 9. Bxf3 e5 10. O-O Ne7 11. Qd2 exd4 12. Bxd4 Ne5 13. Be2 O-O 14. f4 Nd7 15. Bxg7 Kxg7 16. f5 f6 17. Bg4 Ne5 18. b3 Rad8 19. Ne2 Qb6+ 20. Kh1 Nf7 21. Nf4 Ng5 22. Qd3 h5 23. Be2 h4 24. Bg4 d5 25. cxd5 cxd5 26. e5 fxe5 27. Ne6+ Nxe6 28. fxe6 Qd4 29. Qb5 b6 30. Rad1 Rxf1+ 31. Rxf1 Rf8 32. Rxf8 Kxf8 33. Qd7 Qb4 34. Qd8+ Kg7 35. Qe8 Qe1+ 36. Kh2 Qg3+ 37. Kh1 Qe1+ 38. Kh2 Qg3+ 39. Kh1 Qe1+ 1/2-1/2


[Site "https://www.chess.com"]

[Event "Titled Tuesday Blitz February 21 Early 2023"]
[White "Parpiev, Isaak"]
[Black "Carrasco Miranda, Andres"]
[WhiteFideId "34281576"]
[BlackFideId "3405990"]
[WhiteElo "2167"]
[BlackElo "2240"]
[Result "1-0"]
[Round "08"]
[TimeControl "180+2"]
[Date "2023.02.21"]
[WhiteClock "0:02:51"]
[BlackClock "0:01:49"]

1. e4 c5 2. Nf3 d6 3. d4 cxd4 4. Nxd4 Nf6 5. Nc3 a6 6. f4 e5 7. Nb3 Be7 8. fxe5 dxe5 9. Qxd8+ Bxd8 10. Be3 Nc6 11. O-O-O Be6 12. h3 Rc8 13. g4 h6 14. Bg2 b5 15. Kb1 O-O 16. Nd5 Bxd5 17. exd5 Nb4 18. c3 1-0


[Site "https://www.chess.com"]

[Event "Titled Tuesday Blitz February 21 Early 2023"]
[White "The_Sherman_Variation"]
[Black "Szyszylo, Rafal"]
[BlackFideId "1109626"]
[WhiteElo "2513"]
[BlackElo "2091"]
[Result "1/2-1/2"]
[Round "08"]
[TimeControl "180+2"]
[Date "2023.02.21"]
[WhiteClock "0:00:17"]
[BlackClock "0:00:10"]

1. Nf3 d6 2. d4 Nf6 3. c4 g6 4. Nc3 Bg7 5. e4 O-O 6. Be2 Na6 7. O-O e5 8. d5 Nc5 9. Qc2 a5 10. Bg5 h6 11. Be3 b6 12. h3 Nh7 13. Nd2 f5 14. f3 f4 15. Bf2 g5 16. a3 h5 17. b4 Nb7 18. c5 bxc5 19. bxc5 Nxc5 20. Bxc5 dxc5 21. Na4 g4 22. hxg4 hxg4 23. fxg4 Nf6 24. Qd1 Qe7 25. Rc1 Nd7 26. Qc2 Qh4 27. Nxc5 Nxc5 28. Qxc5 Bxg4 29. Bxg4 Qxg4 30. Nf3 Rf7 31. Qf2 Ra6 32. Rc3 Rg6 33. Rfc1 Qh5 34. Rxc7 Rxc7 35. Rxc7 Bf8 36. a4 Rh6 37. Kf1 Qh1+ 38. Qg1 Qh5 39. Rc8 Rg6 40. Re8 Kg7 41. Rxe5 Qg4 42. Rf5 Bc5 43. Qxc5 Qxg2+ 44. Ke1 Qxf3 45. Qe7+ Kh6 46. Qf8+ Rg7 47. Qf6+ Kh7 48. Qh4+ Kg8 49. Qd8+ Kh7 50. Qh4+ Kg8 1/2-1/2


[Site "https://www.chess.com"]

[Event "Titled Tuesday Blitz February 21 Early 2023"]
[White "Avazkhonov, Alikhon"]
[Black "Derjabin, Ilja"]
[WhiteFideId "14208504"]
[BlackFideId "14104768"]
[WhiteElo "1538"]
[BlackElo "2333"]
[Result "0-1"]
[Round "08"]
[TimeControl "180+2"]
[Date "2023.02.21"]
[WhiteClock "0:00:07"]
[BlackClock "0:00:35"]

1. d4 Nf6 2. c4 c5 3. d5 b5 4. cxb5 a6 5. e3 d6 6. Nc3 g6 7. Nf3 Bg7 8. e4 O-O 9. a4 Nbd7 10. Be2 axb5 11. Bxb5 Ba6 12. O-O Bxb5 13. Nxb5 Nxe4 14. Re1 Nef6 15. Bg5 Nb6 16. Bxf6 Bxf6 17. Nc3 Qd7 18. a5 Nc4 19. a6 Rfb8 20. Re4 Nxb2 21. Qc2 Rb4 22. Rxb4 cxb4 23. Ne4 Bg7 24. Qc6 Qxc6 25. dxc6 Nc4 26. Ra4 Nb6 27. Rxb4 Rxa6 28. h4 d5 29. c7 Ra1+ 30. Kh2 Rc1 31. Rxb6 Rxc7 32. Rb8+ Bf8 33. Neg5 h6 34. Nh3 e6 35. Nf4 Kg7 36. Kh3 Bd6 37. Nd3 Rc3 38. Nb2 Bxb8 0-1


[Site "https://www.chess.com"]

[Event "Titled Tuesday Blitz February 21 Early 2023"]
[White "Begunov, Konstantin"]
[Black "Deng, Henry"]
[WhiteFideId "4118510"]
[BlackFideId "30965454"]
[WhiteElo "2325"]
[BlackElo "2168"]
[Result "0-1"]
[Round "08"]
[TimeControl "180+2"]
[Date "2023.02.21"]
[WhiteClock "0:00:02"]
[BlackClock "0:00:56"]

1. d4 d5 2. c4 c6 3. Nc3 Nf6 4. Nf3 e6 5. cxd5 exd5 6. Bg5 Bf5 7. Qb3 b6 8. e3 Be7 9. Be2 h6 10. Bh4 O-O 11. O-O Ne4 12. Bxe7 Qxe7 13. Rfd1 Nd7 14. Rac1 Rfe8 15. Nxe4 dxe4 16. Nd2 Rac8 17. Qa4 c5 18. Ba6 Rcd8 19. Nb3 Be6 20. d5 Bg4 21. Rd2 Ne5 22. Bb5 Rf8 23. Qxe4 f5 24. Qf4 g5 25. Qg3 f4 26. exf4 gxf4 27. Qc3 Qg5 28. Kh1 f3 29. g3 Bh3 30. Re1 Ng4 31. d6 Rf6 32. Re7 Qh5 33. Kg1 Bf1 34. h4 Bxb5 35. d7 Qg6 36. Rd5 Re6 0-1


[Site "https://www.chess.com"]

[Event "Titled Tuesday Blitz February 21 Early 2023"]
[White "Kalajzic, Ivan"]
[Black "Manukyan, Artyom"]
[WhiteFideId "14506378"]
[BlackFideId "13305786"]
[WhiteElo "2062"]
[BlackElo "2110"]
[Result "1-0"]
[Round "08"]
[TimeControl "180+2"]
[Date "2023.02.21"]
[WhiteClock "0:00:14"]
[BlackClock "0:00:04"]

1. b3 d5 2. Bb2 Bf5 3. e3 e6 4. Nf3 Nf6 5. d4 h6 6. Bd3 Bxd3 7. cxd3 Be7 8. Nbd2 a5 9. a3 O-O 10. Ne5 Nfd7 11. f4 c5 12. O-O f6 13. Ng6 Rf7 14. Nxe7+ Qxe7 15. e4 cxd4 16. Bxd4 Nc6 17. Bb2 dxe4 18. dxe4 Rd8 19. Qe2 Nc5 20. b4 axb4 21. axb4 Rxd2 22. Qxd2 Nxe4 23. Ra8+ Kh7 24. Qc2 Qxb4 25. Ra4 Qc5+ 26. Qxc5 Nxc5 27. Rc4 Nd3 28. Bc3 e5 29. fxe5 Ndxe5 30. Bxe5 Nxe5 31. Rb4 Nc6 32. Rb6 Rd7 33. Rfb1 Nd8 34. h4 Kg6 35. Kh2 Kh5 36. R1b4 Kg6 37. R6b5 h5 38. g4 Rd2+ 39. Kg3 Rd3+ 40. Kf2 hxg4 41. Rxg4+ Kf7 42. Rbb4 Ra3 43. Rgd4 Ke7 44. Rb2 Ra5 45. Re2+ Ne6 46. Rb4 Rf5+ 47. Kg3 b5 48. Rbe4 Re5 49. Rxe5 fxe5 50. Rxe5 b4 51. Kg4 Kf6 52. Rb5 g6 53. Rxb4 Ng7 54. Rb6+ Ne6 55. Ra6 Kf7 56. Kf3 Kf6 57. Rb6 Kf5 58. Rb5+ Kf6 59. Kg4 Kf7 60. Rb7+ Kf6 61. Rb6 Kf7 62. Ra6 Kf6 63. Ra7 Ng7 64. Rb7 1-0


[Site "https://www.chess.com"]

[Event "Titled Tuesday Blitz February 21 Early 2023"]
[White "Baches Garcia, Guillermo"]
[Black "Gerbelli Neto, Eduardo"]
[WhiteFideId "2209764"]
[BlackFideId "2103281"]
[WhiteElo "2327"]
[BlackElo "2114"]
[Result "1-0"]
[Round "08"]
[TimeControl "180+2"]
[Date "2023.02.21"]
[WhiteClock "0:02:06"]
[BlackClock "0:01:39"]

1. e4 e5 2. Nf3 Nc6 3. Nc3 Nf6 4. d4 exd4 5. Nxd4 Bb4 6. Nxc6 bxc6 7. Bd3 d5 8. Bd2 O-O 9. O-O Bxc3 10. Bxc3 Nxe4 11. Bxe4 dxe4 12. Qh5 Qd5 13. Qh4 Bf5 14. Rad1 Qe6 15. Qg3 Bg6 16. Qxc7 Rfc8 17. Qd7 Qxa2 18. Ra1 Qc4 19. Rxa7 Rxa7 20. Qxc8# 1-0


[Site "https://www.chess.com"]

[Event "Titled Tuesday Blitz February 21 Early 2023"]
[White "Arencibia Monduy, Antonio"]
[Black "Delgado Rosas, Fatima Alexandra"]
[WhiteFideId "3507939"]
[BlackFideId "6603963"]
[WhiteElo "2122"]
[BlackElo "1500"]
[Result "1-0"]
[Round "08"]
[TimeControl "180+2"]
[Date "2023.02.21"]
[WhiteClock "0:00:03"]
[BlackClock "0:00:06"]

1. e4 Nc6 2. Nf3 d5 3. exd5 Qxd5 4. Nc3 Qh5 5. Be2 Bg4 6. d3 Nf6 7. Be3 O-O-O 8. Nd2 Bxe2 9. Nxe2 e5 10. f3 Nd5 11. Bf2 f6 12. a3 Qg6 13. O-O Bd6 14. b4 Rhe8 15. b5 Nce7 16. Nc4 Kb8 17. Nxd6 cxd6 18. c4 Nf4 19. Nxf4 exf4 20. Qd2 Qg5 21. Rfe1 Nf5 22. Bxa7+ Kxa7 23. Qa5+ Kb8 24. b6 Ne3 25. Qa7+ Kc8 26. Qa8+ Kd7 27. Qxb7+ Ke6 28. g3 fxg3 29. Re2 gxh2+ 30. Kxh2 Qh4+ 31. Kg1 Qg5+ 32. Kh1 Re7 33. Qc6 Kf7 34. Rae1 Rde8 35. b7 Qh4+ 36. Kg1 Qg3+ 37. Kh1 Nf5 38. Rxe7+ Rxe7 39. Rxe7+ Nxe7 40. Qe4 Qh3+ 41. Kg1 Qg3+ 42. Kf1 d5 43. cxd5 Qb8 44. Qe6+ Kf8 45. d6 Nc6 46. Qd7 Nd8 47. Qc7 Qxb7 48. Qxd8+ Kf7 49. Qc7+ 1-0


[Site "https://www.chess.com"]

[Event "Titled Tuesday Blitz February 21 Early 2023"]
[White "Garv Gaur"]
[Black "Rios Escobar, Adan"]
[WhiteFideId "45030839"]
[BlackFideId "3403645"]
[WhiteElo "2006"]
[BlackElo "2234"]
[Result "1-0"]
[Round "08"]
[TimeControl "180+2"]
[Date "2023.02.21"]
[WhiteClock "0:00:02"]
[BlackClock "0:00:01"]

1. d4 Nf6 2. Nf3 g6 3. c4 Bg7 4. g3 c5 5. d5 b5 6. cxb5 a6 7. bxa6 d6 8. Nc3 Qa5 9. Bd2 O-O 10. Bg2 Nfd7 11. O-O Nb6 12. Rb1 Nc4 13. Qc2 Nxd2 14. Nxd2 Bxa6 15. Rfe1 Nd7 16. h3 Rfb8 17. Rec1 Ra7 18. Na4 Bxe2 19. b3 Ne5 20. Bf1 Bf3 21. Nxf3 Nxf3+ 22. Kh1 Nd2 23. Bc4 Nxb1 24. Rxb1 Qb4 25. Rd1 h5 26. Qe2 Qa3 27. Bb5 Ra5 28. Bc6 Bf6 29. g4 hxg4 30. hxg4 Rb4 31. Kg2 Kg7 32. Rh1 Rf4 33. f3 Qb4 34. Qe3 Qd4 35. Qe1 Qd3 36. Rh3 c4 37. Qxa5 Qe2+ 38. Kh1 Qf1+ 39. Kh2 Be5 40. Qd2 Rxf3+ 41. Qf4 1-0


[Site "https://www.chess.com"]

[Event "Titled Tuesday Blitz February 21 Early 2023"]
[White "Bethke, Richard"]
[Black "Lorenzo De La Riva, Lazaro"]
[WhiteFideId "12959243"]
[BlackFideId "2268809"]
[WhiteElo "2382"]
[BlackElo "2404"]
[Result "1-0"]
[Round "08"]
[TimeControl "180+2"]
[Date "2023.02.21"]
[WhiteClock "0:00:48"]
[BlackClock "0:00:10"]

1. e4 d6 2. Nf3 Nf6 3. Nc3 c6 4. d4 g6 5. e5 dxe5 6. dxe5 Qxd1+ 7. Nxd1 Nd5 8. Ne3 Nb6 9. h4 h6 10. Bd3 Bg7 11. Bd2 Be6 12. Nd4 Bxe5 13. Nxe6 fxe6 14. Bxg6+ Kf8 15. O-O-O N8d7 16. Ng4 Bg7 17. Rhe1 h5 18. Nh2 Nc5 19. Bb4 Nbd7 20. Nf3 a5 21. Bd2 Bf6 22. Ng5 Kg7 23. Bd3 Nxd3+ 24. cxd3 Nc5 25. Bc3 Bxc3 26. bxc3 Rh6 27. Re5 Nd7 28. Rxe6 Rxe6 29. Nxe6+ Kf6 30. Re1 Rg8 31. Ng5 e5 32. d4 Kf5 33. Re3 exd4 34. cxd4 Nb6 35. g3 Nd5 36. Rf3+ Kg4 37. Rf7 Re8 38. Kd2 b5 39. Rg7 Kf5 40. Ra7 a4 41. f3 Rd8 42. Rh7 Kg6 43. g4 hxg4 44. fxg4 Nf6 45. Rc7 Nxg4 46. Rxc6+ Kf5 47. Kd3 Kf4 48. Ne6+ 1-0


[Site "https://www.chess.com"]

[Event "Titled Tuesday Blitz February 21 Early 2023"]
[White "Womacka, Mathias"]
[Black "Topalov, Aleksandar"]
[WhiteFideId "4611390"]
[BlackFideId "925659"]
[WhiteElo "2396"]
[BlackElo "2233"]
[Result "0-1"]
[Round "08"]
[TimeControl "180+2"]
[Date "2023.02.21"]
[WhiteClock "0:00:18"]
[BlackClock "0:00:22"]

1. e4 e6 2. d4 d5 3. Nd2 Nf6 4. e5 Ng8 5. Bd3 Ne7 6. Ne2 Qd7 7. Nf3 b6 8. O-O Ba6 9. Bg5 Bxd3 10. Qxd3 c5 11. dxc5 bxc5 12. c4 d4 13. Ng3 Nbc6 14. Ne4 Ng6 15. Qe2 h6 16. Bd2 a5 17. Rfe1 Be7 18. g3 O-O 19. h4 Rfb8 20. h5 Nf8 21. Rab1 a4 22. g4 Nh7 23. g5 hxg5 24. Nexg5 Nxg5 25. Nxg5 Bxg5 26. Bxg5 Ne7 27. h6 Nf5 28. hxg7 Nxg7 29. Bf6 Kh7 30. Qg4 Rg8 31. Kg2 Nh5 32. Bg5 Rxg5 33. Qxg5 Rg8 34. Qxg8+ Kxg8 35. Kf3 Qb7+ 36. Ke2 Nf4+ 37. Kd2 Qf3 38. Rg1+ Kf8 0-1


[Site "https://www.chess.com"]

[Event "Titled Tuesday Blitz February 21 Early 2023"]
[White "Golubev, Mikhail"]
[Black "Smith, Garrett L"]
[WhiteFideId "14100983"]
[BlackFideId "2024829"]
[WhiteElo "2461"]
[BlackElo "2047"]
[Result "1-0"]
[Round "08"]
[TimeControl "180+2"]
[Date "2023.02.21"]
[WhiteClock "0:01:58"]
[BlackClock "0:00:53"]

1. e4 c5 2. Nf3 Nc6 3. Nc3 e5 4. Bc4 Be7 5. d3 Nf6 6. Ng5 O-O 7. h4 Nd4 8. Nd5 d6 9. Nxf6+ Bxf6 10. Qh5 Nxc2+ 11. Kf1 h6 12. Bxf7+ Rxf7 13. Qxf7+ Kh8 14. Qg6 1-0


[Site "https://www.chess.com"]

[Event "Titled Tuesday Blitz February 21 Early 2023"]
[White "rikchessmx"]
[Black "Dauner, Benedikt"]
[BlackFideId "16225899"]
[WhiteElo "2351"]
[BlackElo "2400"]
[Result "0-1"]
[Round "08"]
[TimeControl "180+2"]
[Date "2023.02.21"]
[WhiteClock "0:00:39"]
[BlackClock "0:01:09"]

1. e4 Nc6 2. Nc3 Nf6 3. Bc4 e6 4. Bb3 d5 5. exd5 exd5 6. d4 a5 7. Nf3 Bg4 8. Be3 Bb4 9. a3 Bxc3+ 10. bxc3 a4 11. Ba2 b5 12. Qd3 Bxf3 13. Qxb5 O-O 14. gxf3 Ne7 15. Rb1 c6 16. Qd3 Ng6 17. O-O Qd7 18. Kh1 Qh3 19. Bg5 Nh5 20. Rg1 Rab8 21. Rb4 Rbe8 22. c4 Ngf4 23. Bxf4 Nxf4 24. Qd1 Re1 25. Qxe1 Qxf3+ 26. Rg2 Qxg2# 0-1


[Site "https://www.chess.com"]

[Event "Titled Tuesday Blitz February 21 Early 2023"]
[White "Erzhanov, Arman"]
[Black "Gharamian, Tigran"]
[WhiteFideId "4138821"]
[BlackFideId "13301527"]
[WhiteElo "2228"]
[BlackElo "2601"]
[Result "1-0"]
[Round "08"]
[TimeControl "180+2"]
[Date "2023.02.21"]
[WhiteClock "0:00:08"]
[BlackClock "0:00:15"]

1. e4 c6 2. Ne2 d5 3. e5 c5 4. d4 Nc6 5. c3 Qb6 6. g3 cxd4 7. cxd4 Bg4 8. Nbc3 Bf3 9. Rg1 e6 10. Bg2 Bxg2 11. Rxg2 Nge7 12. Na4 Qc7 13. b3 Nf5 14. Bb2 Bb4+ 15. Kf1 b5 16. Nac3 a6 17. Rc1 O-O 18. g4 Nh4 19. Rg3 f6 20. Nf4 Qd7 21. Nce2 fxe5 22. dxe5 Rac8 23. Rh3 Ng6 24. Nxg6 hxg6 25. Qd3 Qf7 26. f3 Ba5 27. Kg2 Nb4 28. Qb1 Qa7 29. Qxg6 Qe3 30. Qh7+ Kf7 31. Nc3 Ke7 32. Qxg7+ Rf7 33. Qh6 Qe2+ 34. Nxe2 Rxc1 35. Bxc1 Nd3 36. Qg5+ Kd7 37. Be3 Ne1+ 38. Kf1 Bb4 39. Rh8 Nxf3 40. Qd8+ Kc6 41. Qe8+ Rd7 42. Qxe6+ Kc7 43. Rh4 Nxh4 44. g5 Nf3 45. Nd4 Nd2+ 46. Ke2 Ne4 47. Qc6+ Kd8 48. Ne6+ Ke7 49. g6 Nc3+ 50. Kd3 d4 51. Bg5+ Ke8 52. Qc8+ 1-0


[Site "https://www.chess.com"]

[Event "Titled Tuesday Blitz February 21 Early 2023"]
[White "Prudnykova, Olga"]
[Black "Buchenau, Frank"]
[WhiteFideId "14121093"]
[BlackFideId "4604350"]
[WhiteElo "2268"]
[BlackElo "2222"]
[Result "0-1"]
[Round "08"]
[TimeControl "180+2"]
[Date "2023.02.21"]
[WhiteClock "0:01:00"]
[BlackClock "0:00:18"]

1. e4 e6 2. d4 d5 3. Nc3 Nf6 4. e5 Nfd7 5. Qh5 g6 6. Qh3 c5 7. Nf3 Nc6 8. dxc5 Ndxe5 9. Bf4 Nxf3+ 10. Qxf3 e5 11. Nxd5 exf4 12. O-O-O Bg7 13. Qe4+ Be6 14. Nxf4 Bxb2+ 15. Kxb2 Qxd1 16. Nxe6 fxe6 17. Qxe6+ Kd8 18. Bd3 Qxh1 19. Qf6+ Kd7 20. Qd6+ Kc8 21. Qe6+ Kc7 22. Qd6+ Kc8 23. Bc4 Re8 24. Be6+ Rxe6 25. Qxe6+ Kc7 26. Qd6+ Kc8 27. Qe6+ Kd8 28. Qg8+ Ke7 29. Qxh7+ Kf6 30. Qh4+ Kg7 31. Qg3 Qe1 0-1


[Site "https://www.chess.com"]